 Dungeon Crawl Stone Soup version 0.28-a0-819-g6ef7baa362 (webtiles) character file.

Game seed: 14665911398025248617

1838 siradein the Shield-Bearer (level 8, 0/80 HPs)
             Began as a Troll Fighter on Nov 9, 2021.
             Was an Initiate of Ru.
             Slain by a killer bee (2 damage)
             ... on level 6 of the Dungeon.
             The game lasted 00:22:21 (5167 turns).

siradein the Shield-Bearer (Troll Fighter)          Turns: 5167, Time: 00:22:21

Health: 0/80       AC:  4    Str: 25    XL:     8   Next: 87%
Magic:  7/7        EV: 10    Int:  4    God:    Ru [......]
Gold:   350        SH:  8    Dex: 11    Spells: 7/7 levels left

rFire   . . .      SeeInvis .   a - +0 long sword
rCold   . . .      Faith    .   c - +0 kite shield
rNeg    . . .      Spirit   .   b - +0 robe
rPois   .          Reflect  .   (helmet restricted)
rElec   .          Harm     .   (no cloak)
rCorr   .          Rampage  .   (gloves unavailable)
Will    .....                   (boots unavailable)
Stlth   +.........              (no amulet)
HPRegen 1.23/turn               (no ring)
MPRegen 0.10/turn               (no ring)

@: lethally poisoned (0 -> -1)
A: large, unfitting armour, claws 3, regeneration 1, screaming 1, shaggy fur 1,
tough skin 1
a: Renounce Religion


You were on level 6 of the Dungeon.
You worshipped Ru.
Ru was noncommittal.
You visited 2 branches of the dungeon, and saw 7 of its levels.
You also visited: Sewer.

You collected 350 gold pieces.

Inventory:

Hand Weapons
 a - a +0 long sword (weapon)
Missiles
 g - 4 boomerangs
 h - 2 silver boomerangs
 i - 3 large rocks
 n - 4 atropa-tipped darts
 p - a throwing net
 q - 10 poisoned darts (quivered)
Armour
 b - a +0 robe (worn)
 c - a +0 kite shield (worn)
Wands
 o - a wand of digging (7)
 A - a wand of mindburst (16)
Scrolls
 e - 2 scrolls of blinking
 f - 3 scrolls of fog
 k - 3 scrolls of teleportation {unknown}
 m - 2 scrolls of noise {unknown}
 s - 2 scrolls of amnesia {unknown}
 v - 2 scrolls of enchant armour {unknown}
 x - a scroll of enchant weapon {unknown}
 y - 3 scrolls of immolation {unknown}
 z - a scroll of brand weapon
 B - a scroll of acquirement
Potions
 d - a potion of might
 j - a potion of magic {unknown}
 l - a potion of degeneration {unknown}
 r - 2 potions of curing
 u - a potion of heal wounds {unknown}
 w - a potion of resistance {unknown}
Miscellaneous
 t - a box of beasts


   Skills:
 + Level 5.3 Fighting
 + Level 4.9 Long Blades
 + Level 5.3 Dodging
 + Level 5.4 Shields


You had 7 spell levels left.
You didn't know any spells.
Your spell library contained the following spells:

 Spells                   Type           Power      Damage    Failure   Level
 Foxfire                  Conj/Fire      0%         2x1d4     77%         1
 Summon Small Mammal      Summ           0%         N/A       77%         1
 Call Canine Familiar     Summ           0%         N/A       98%         3
 Conjure Flame            Conj/Fire      0%         6-21      98%         3
 Ignite Poison            Fire/Tmut/Pois 0%         N/A       98%         3
 Inner Flame              Hex/Fire       0%         N/A       98%         3
 Summon Guardian Golem    Hex/Summ       0%         N/A       98%         3
 Flame Wave               Conj/Fire      0%         3d3       100%        4
 Sticky Flame             Conj/Fire      0%         2d3       100%        4


Dungeon Overview and Level Annotations

Branches:
Dungeon (6/15)             Temple (1/1) D:4           Sewer (visited)

Altars:
Ashenzari
Gozag
Nemelex Xobeh
Qazlal
Ru
Trog
Vehumet
Yredelemnul
Zin

Shops:
D:5 [


Innate Abilities, Weirdness & Mutations

You are too large for most types of armour.
You have claws for hands.
Your natural rate of healing is unusually fast.
You occasionally shout uncontrollably at your foes.
You are covered in fur. (AC +1)
You have tough skin. (AC +1)


Message History

The killer bee is severely wounded.
You feel very sick. You block the killer bee's attack.
The killer bee stings you!
* * * LOW HITPOINT WARNING * * *
Unknown command.
You barely miss the killer bee.
The killer bee is severely wounded.
You feel very sick.
The killer bee stings you but does no damage.
The killer bee stings you!
* * * LOW HITPOINT WARNING * * *
You hit the killer bee.
The killer bee is almost dead.
You feel sick. You block the killer bee's attack.
The killer bee barely misses you.
The killer bee stings you but does no damage.
Unknown command.
You feel sick. The killer bee barely misses you.
Blink to where?
Press: ? - help, Dir - move target
As you read the scroll of blinking, it crumbles to dust.
You feel sick.
As you read the scroll of fog, it crumbles to dust.
The scroll dissolves into smoke.
You feel sick.
You feel sick.
You feel sick.
You feel sick.
You are no longer poisoned.
The killer bee stings you!
* * * LOW HITPOINT WARNING * * *
You are poisoned.
The killer bee poisons you!
You hit the killer bee.
You kill the killer bee!
You feel sick.
The killer bee stings you but does no damage.
The killer bee barely misses you. The killer bee stings you.
* * * LOW HITPOINT WARNING * * *
You feel sick. You block the killer bee's attack. The killer bee stings you.
You die...

##...###..##.......# ### #y# .#
E#...#E##.##.#.....#######(# #
##...####.##.#...........#§#
........#.>.....§§###§...y.#
..._.........####§§§§§##.###
..........#...# #§######..#
##..†###.###..###....# ##.##
E#..)#E#.###...#yy##.## #..# .#.
##...#####.o.#..@###..####.##....
###....##.###...# ##..........#.
#[..###..# ##.... #####........
#.<.###.## ..##<#.........####
#.......# .## .#.#######.+
#...#).#.# ## . .# ...#.#..#.# ##
.. .###..###.# .#. . #.. ... ##


You could see 2 killer bees.

Vanquished Creatures
  Sigmund (D:5)
  Duvessa (D:5)
  An orc warrior (D:5)
  Pargi (Sewer)
  A necrophage (D:3)
  4 ogres
  3 scorpions
  A gnoll sergeant (D:5)
  Dowan (D:5)
  2 killer bees (D:6)
  A hound (D:5)
  A jelly (D:5)
  An orc priest (D:5)
  An iguana (D:5)
  6 orc wizards
  14 adders
  4 gnolls
  A white imp (D:5)
  4 worms
  3 dart slugs
  12 orcs
  4 bats
  16 endoplasms
  8 giant cockroaches
  4 hobgoblins
  7 jackals
  A quokka (D:1)
  8 ball pythons
  3 frilled lizards
  3 goblins
  7 kobolds
  3 rats
128 creatures vanquished.

Vanquished Creatures (others)
  An orc wizard (D:4)
1 creature vanquished.

Grand Total: 129 creatures vanquished

Notes
Turn   | Place    | Note
-------+----------+-------------------------------------------
     0 | D:1      | siradein the Troll Fighter began the quest for the Orb.
     0 | D:1      | Reached XP level 1. HP: 22/22 MP: 0/0
   145 | D:1      | Reached XP level 2. HP: 27/29 MP: 1/1
   692 | D:1      | Reached XP level 3. HP: 36/36 MP: 2/2
  1231 | D:2      | Reached XP level 4. HP: 41/44 MP: 3/3
  1539 | D:2      | Found a faded altar of an unknown god.
  1566 | D:2      | Found a sparkling altar of Nemelex Xobeh.
  1961 | D:3      | Found a sparkling altar of Nemelex Xobeh.
  1968 | D:3      | Reached XP level 5. HP: 53/53 MP: 4/4
  2263 | D:3      | Noticed a necrophage
  2268 | D:3      | Killed a necrophage
  2369 | D:4      | Found a staircase to the Ecumenical Temple.
  2387 | Temple   | Entered the Ecumenical Temple
  2394 | Temple   | Became a worshipper of Ru the Awakened
  2458 | D:4      | Reached XP level 6. HP: 56/61 MP: 5/5
  2605 | D:4      | Found a glowing silver altar of Zin.
  2673 | D:4      | Found a glowing drain.
  2724 | Sewer    | Entered a sewer
  2727 | Sewer    | Noticed Pargi
  2738 | Sewer    | Killed Pargi
  3250 | D:4      | Reached XP level 7. HP: 69/70 MP: 6/6
  3344 | D:4      | Found a basalt altar of Yredelemnul.
  3518 | D:5      | Entered Level 5 of the Dungeon
  3802 | D:5      | Gained mutation: You occasionally shout uncontrollably at
                  | your foes. [Ru sacrifice]
  4136 | D:5      | Reached XP level 8. HP: 73/79 MP: 7/7
  4203 | D:5      | Found Kizemerr's Antique Armour Emporium.
  4269 | D:5      | Noticed Duvessa
  4296 | D:5      | Noticed Dowan
  4309 | D:5      | Killed Duvessa
  4328 | D:5      | Killed Dowan
  4416 | D:5      | Noticed Sigmund
  4428 | D:5      | Killed Sigmund
  4484 | D:5      | Identified a scroll of acquirement
  4636 | D:5      | Reached skill level 5 in Fighting
  4636 | D:5      | Reached skill level 5 in Dodging
  4636 | D:5      | Reached skill level 5 in Shields
  4903 | D:6      | Found a stormy altar of Qazlal.
  4918 | D:6      | Found a bloodstained altar of Trog.
  5069 | D:6      | Noticed an air elemental
  5165 | D:6      | HP: 4/80 [killer bee (7)]
  5167 | D:6      | Slain by a killer bee

Illustrated notes

Levels and vault maps discovered:
D:1:      dpeg_arrival_solitude, layout_basic, chequers_serial_rivers_marsh
D:2:      layout_loops_ring, basic_altar, hellmonk_ecumenical_altar_arch_garden,
          hex_medium
D:3:      layout_rooms, nemelex_xobeh_ov_fountains_minmay,
          kennysheep_generic_room_2
D:4:      layout_loops_corners, lemuel_crystal_altar,
          mainiacjoe_overflow_alcove_1, minmay_temple_entry_wispy,
          gup_sewer_entry_glass
D:5:      minmay_razor_zed, layout_loops_ring, serial_glass, glass_columns_a,
          glass_columns_b, minmay_strange_pillars, feat_on_display,
          serial_shops, nicolae_shop_temple_entry_statues_fountains,
          uniq_sigmund, uniq_duvessa
D:6:      layout_rooms, trog_wizard, nicolae_qazlal_style_of_elements,
          mainiacjoe_overflow_surrounded_room, minmay_holes
Temple:   compressed_dpeg_triangle_lava_temple

Skill      XL: |  1  2  3  4  5  6  7  8 |
---------------+-------------------------+-----
Long Blades    | 2 3 4 |  4.9
Dodging        | 3 4 5 |  5.3
Shields        | 3 4 5 |  5.4
Fighting       | 3 4 5 |  5.3

Action                   |  1- 3 |  4- 6 |  7- 9 || total
-------------------------+-------+-------+-------++-------
Melee: Long sword        |   113 |   235 |   249 ||   597
Throw: Dart              |       |     3 |    15 ||    18
Invok: Sacrifice Purity  |       |       |     1 ||     1
  Use: Scroll            |       |       |     7 ||     7
 Stab: Sleeping          |     1 |       |       ||     1
Armor: Robe              |    52 |    96 |    54 ||   202
Dodge: Dodged            |    38 |   109 |   100 ||   247
Block: Kite shield       |    34 |   129 |   132 ||   295

Table legend: (Time is in decaauts)
 A = Elapsed time spent in this place.
 B = Non-inter-level travel time spent in this place.
 C = Inter-level travel time spent in this place.
 D = Time resting spent in this place.
 E = Time spent auto-exploring this place.
 F = Levels seen in this place.
 G = Mean time per level.
                   A        B        C        D        E       F      G
               +--------+--------+--------+--------+--------+-----+--------+
         Total |   5426 |   5276 |    150 |     29 |   3463 |   8 |  678.2 |
       Dungeon |   5239 |   5089 |    150 |     29 |   3359 |   6 |  873.2 |
        Temple |     14 |     14 |      0 |      0 |      0 |   1 |   14.0 |
         Sewer |    172 |    172 |      0 |      0 |    104 |   1 |  172.0 |
               +--------+--------+--------+--------+--------+-----+--------+

Top non-repeatable levels by time:
     D:5: 1546 daAuts
     D:4: 1071 daAuts
     D:1: 1064 daAuts
     D:2: 870 daAuts
     D:3: 500 daAuts
     D:6: 186 daAuts
   Sewer: 172 daAuts
  Temple: 14 daAuts
